 Dungeon Crawl Stone Soup version 0.30.0-17-ge0270778cf (webtiles) character file.

Game seed: 12745344612064249144

336 sampeng1 the Conjurer (level 6, 0/47 HPs)
             Began as a Human Reaver on May 21, 2023.
             Slain by an orc wizard
             ... wielding a +1 dagger of protection
              (2 damage)
             ... on level 4 of the Dungeon.
             The game lasted 00:18:06 (3192 turns).

sampeng1 the Conjurer (Human Reaver)                Turns: 3192, Time: 00:18:06

Health: 0/47       AC:  4    Str: 14    XL:     6   Next: 84%
Magic:  0/10       EV: 12    Int: 13    God:
Gold:   254        SH:  0    Dex: 12    Spells: 7/11 levels left

rFire   . . .        f - +0 war axe
rCold   . . .        g - orb {mayhem}
rNeg    . . .        b - +0 leather armour
rPois   .            (no helmet)
rElec   .            (no cloak)
rCorr   .            (no gloves)
SInv    .            i - +0 pair of boots
Will    .....        d - amulet of guardian spirit
Stlth   +            (no ring)
HPRegen 0.27/turn    (no ring)
MPRegen 0.12/turn

%: mayhem, guardian spirit
@: invisible
A: no striking features
a: no special abilities


You were on level 4 of the Dungeon.
You visited 1 branch of the dungeon, and saw 4 of its levels.

You collected 254 gold pieces.

Inventory:

Hand Weapons
 f - a +0 war axe (weapon)
Missiles
 a - 2 poisoned darts
Armour
 b - a +0 leather armour (worn)
 c - a +0 ring mail
 g - an orb of mayhem (worn)
 i - a +0 pair of boots (worn)
 t - a +0 chain mail
Jewellery
 d - an amulet of guardian spirit (around neck)
Scrolls
 h - a scroll of fear {unknown}
 j - a scroll of enchant weapon {unknown}
 k - a scroll of enchant armour {unknown}
 m - a scroll of immolation
Potions
 e - a potion of brilliance
 l - a potion of degeneration
 r - a potion of attraction {unknown}
 s - a potion of cancellation {unknown}


   Skills:
 + Level 3.2 Fighting
 + Level 4.0 Axes
 + Level 2.0 Armour
 + Level 3.2 Dodging
 + Level 3.0 Spellcasting
 + Level 4.1 Conjurations


You had 7 spell levels left.
You knew the following spells:

 Your Spells              Type           Power      Damage    Failure   Level
a - Kiss of Death         Conj/Necr      28%        2d7       12%         1
b - Necrotise             Necr           4%         1d4       28%         1
c - Momentum Strike       Conj/Tloc      14%        3d8       19%         2

Your spell library contained the following spells:

 Spells                   Type           Power      Damage    Failure   Level
 Apportation              Tloc           2%         N/A       28%         1
 Summon Small Mammal      Summ           4%         N/A       28%         1
 Hailstorm                Conj/Ice       7%         3d4       36%         3
 Confusing Touch          Hex            1%         N/A       63%         3
 Vhi's Electric Charge    Tloc/Air       2%         N/A       63%         3
 Dispel Undead            Necr           1%         3d6       95%         4
 Arcjolt                  Conj/Air       3%         1d13      98%         5
 Plasma Beam              Fire/Air       0%         2x1d11    100%        6


Dungeon Overview and Level Annotations

Branches:
Dungeon (4/15)
 Temple: D:4-7

Altars:


Message History

You slash the orc!
You kill the orc!
Casting: Necrotise (safe; 28% risk of failure)
Confirm with . or Enter, or press ? or * to list all spells.
Aiming: Necrotise (safe; 28% risk of failure)
Press: ? - help, Shift-Dir - straight line, f/p - orc priest
Aim: an orc priest, wielding a +0 flail and wearing a +0 ring mail (chance to affect: 36%)
The orc priest writhes in agony.
The orc priest barely misses you.
You hit the orc priest.
The orc priest is moderately wounded.
The orc priest closely misses you.
You hit the orc priest but do no damage.
The orc priest is moderately wounded.
The orc priest invokes the aid of Beogh against you.
Pain shoots through your body!
The orc priest calls down the wrath of Beogh upon you.
Pain shoots through your body!
You slash the orc priest!
You kill the orc priest!
The orc flies into a frenzy!
The orc hits something with a +0 trident!
Your Axes skill increases to level 4!
Your Armour skill increases to level 2!
Unknown command.
You miss something.
The orc hits you from afar with a +0 trident!
* * * LOW HITPOINT WARNING * * *
Something completely misses you.
The orc hits you from afar with a +0 trident!
* * * LOW HITPOINT WARNING * * *
You miss something. The orc misses you. Something hits you.
Something hits you but does no damage.
The orc hits you from afar with a +0 trident.
* * * LOW HITPOINT WARNING * * *
You closely miss something. The orc hits you but does no damage.
Something hits you.
* * * LOW HITPOINT WARNING * * *
The orc barely misses you.
You fade into invisibility!
The orc closely misses you. Something hits you.
You die...

.##.###.##########
.####.###[######
.................
.####.....#######
.####.######
.<.........#
#####.######
#####.##################
................@)o.....
......##################
#######


You could see a neutral orc (fast, strong, insane, unable to see you).

Vanquished Creatures
  A black bear (D:4)
  A scorpion (D:4)
  A hound (D:4)
  An orc priest (D:4)
  3 adders
  A white imp (D:4)
  5 orcs
  8 ball pythons
  12 endoplasms
  4 giant cockroaches
  6 goblins
  4 hobgoblins
  8 jackals
  5 kobolds
  3 quokkas
  6 bats
  2 frilled lizards
  14 rats
85 creatures vanquished.

Vanquished Creatures (collateral kills)
  3 orcs (D:4)
3 creatures vanquished.

Grand Total: 88 creatures vanquished

Notes
Turn   | Place    | Note
-------+----------+-------------------------------------------
     0 | D:1      | sampeng1 the Human Reaver began the quest for the Orb.
     0 | D:1      | Reached XP level 1. HP: 16/16 MP: 3/3
    50 | D:1      | Reached XP level 2. HP: 21/22 MP: 5/5
   204 | D:1      | Reached XP level 3. HP: 26/27 MP: 4/6
   382 | D:1      | Found a faded altar of an unknown god.
  1123 | D:2      | Reached XP level 4. HP: 34/34 MP: 7/7
  1734 | D:3      | Learned a level 1 spell: Necrotise
  1738 | D:3      | Learned a level 2 spell: Momentum Strike
  2129 | D:3      | Reached XP level 5. HP: 25/27 MP: 8/8
  2533 | D:4      | Reached skill level 1 in Armour
  2814 | D:4      | Reached XP level 6. HP: 34/42 MP: 7/10
  2986 | D:4      | Noticed a black bear
  3000 | D:4      | Killed a black bear
  3191 | D:4      | HP: 2/47 [something (2)]
  3192 | D:4      | Slain by an orc wizard

Illustrated notes

Levels and vault maps discovered:
D:1:      dpeg_arrival_pits, layout_basic, chequers_ecumenical_altar_grove,
          minmay_misc_feat_rugged
D:2:      layout_basic
D:3:      kennysheep_six_static_rooms, layout_rooms, minmay_misc_feat_x
D:4:      layout_basic, kennysheep_donut

Skill      XL: |  1  2  3  4  5  6 |
---------------+-------------------+-----
Armour         | 1 2 |  2.0
Dodging        | 3 |  3.2
Fighting       | 3 |  3.2
Spellcasting   | 3 |  3.0
Conjurations   | 4 |  4.1
Axes           | 4 |  4.0

Action                     |  1- 3 |  4- 6 || total
---------------------------+-------+-------++-------
  Melee: Hand axe          |    86 |       ||    86
         War axe           |    40 |   128 ||   168
   Cast: Necrotise         |       |     6 ||     6
         Kiss of Death     |       |     3 ||     3
         Momentum Strike   |       |     4 ||     4
    Use: Scroll            |       |     9 ||     9
         Potion            |       |     1 ||     1
 Armour: Leather armour    |    26 |    51 ||    77
         Ring mail         |    33 |     1 ||    34
  Dodge: Dodged            |   101 |   128 ||   229
